 Dungeon Crawl Stone Soup version 0.20.1-1-g8b1a95d (webtiles) character file.

739 Knicklaso the Ruffian (level 7, -19/53 HPs)
             Began as a Ghoul Ice Elementalist on July 30, 2017.
             Demolished by an ogre
             ... wielding a +0 giant club
              (20 damage)
             ... on level 5 of the Dungeon.
             The game lasted 00:19:27 (4105 turns).

Knicklaso the Ruffian (Ghoul Ice Elementalist)      Turns: 4105, Time: 00:19:28

Health: -19/53     AC:  8    Str: 12    XL:     7   Next: 75%
Magic:  7/18       EV: 12    Int: 10    God:
Gold:   165        SH:  2    Dex: 11    Spells: 2/10 levels left

rFire    . . .     SeeInvis .     - Unarmed
rCold    + . .     Gourm    .   (no shield)
rNeg     + + +     Faith    .   a - +0 robe
rPois    ∞         Spirit   .   (no helmet)
rElec    .         Reflect  +   (no cloak)
rCorr    .         Harm     .   (no gloves)
MR       .....                  (no boots)
Stlth    ++........             k - +2 amulet of reflection
Regen    0.0/turn               f - ring of magical power (curse)
MPRegen  0.2/turn               i - +1 ring of protection (curse)

@: icy armour, very slightly contaminated, rotting, slow
A: rotting body, claws 1, carnivore 3, cold resistance 1, negative energy
resistance 3, inhibited regeneration, torment resistance, unbreathing
a: no special abilities


You were on level 5 of the Dungeon.
You were not hungry.

You visited 2 branches of the dungeon, and saw 6 of its levels.

You collected 165 gold pieces.

Inventory:

Armour
 a - a +0 robe (worn)
 d - the +2 scale mail of Zeoll {Int+4, unknown}
   (You found it on level 4 of the Dungeon)

   It affects your intelligence (+4).
Jewellery
 f - a cursed ring of magical power (left claw)
 i - a cursed +1 ring of protection (right claw)
 k - a +2 amulet of reflection (around neck)
 q - an uncursed ring of protection from cold {unknown}
 y - a +3 ring of evasion {unknown}
Wands
 z - a wand of confusion (15/48)
 B - a wand of random effects (28/48)
Scrolls
 h - 6 scrolls of identify {unknown}
 j - a scroll of fog {unknown}
 l - a scroll of blinking {unknown}
 n - a scroll of amnesia {unknown}
 o - a scroll of magic mapping {unknown}
 r - a scroll of noise {unknown}
 s - a scroll of recharging {unknown}
 t - 2 scrolls of teleportation {unknown}
 x - a scroll of fear {unknown}
Potions
 e - a potion of resistance {unknown}
 p - a potion of flight {unknown}
 u - 2 potions of curing {unknown}
 v - a potion of agility {unknown}
 w - a potion of brilliance {unknown}
 A - a potion of degeneration {unknown}
Books
 b - a book of Frost

   Spells                             Type                      Level
   a - Freeze                         Ice                          1
   b - Throw Frost                    Conjuration/Ice              2
   c - Ozocubu's Armour               Charms/Ice                   3
   d - Throw Icicle                   Conjuration/Ice              4
   e - Summon Ice Beast               Ice/Summoning                4
Comestibles
 c - a meat ration
 g - 6 chunks of flesh
 m - 2 royal jellies


   Skills:
 + Level 1.8 Fighting
 + Level 2.4 Dodging
 - Level 2.1 Stealth
 * Level 5.9 Unarmed Combat
 + Level 2.3 Spellcasting
   Level 0.7 Conjurations
 + Level 1.1 Charms
 + Level 1.4 Summonings
 * Level 5.8 Ice Magic


You had 2 spell levels left.
You knew the following spells:

 Your Spells              Type           Power        Failure   Level  Hunger
a - Freeze                Ice            ##..         2%          1    ##.....
b - Ozocubu's Armour      Chrm/Ice       #.......     22%         3    ####...
c - Summon Ice Beast      Ice/Summ       #.......     56%         4    #####..


Dungeon Overview and Level Annotations

Branches:
Dungeon (5/15)             Temple (1/1) D:4

Altars:
Ashenzari
Dithmenos
Elyvilon
Gozag
Hepliaklqana
Nemelex Xobeh
Okawaru
Ru
Sif Muna
Trog
Uskayaw
Xom
Yredelemnul
Zin
The Shining One
Lugonu


Innate Abilities, Weirdness & Mutations

Your body is rotting away.
You thrive on raw meat.
You are immune to poison.
You have sharp fingernails.
You are carnivorous and can eat meat at any time.
Your flesh is cold resistant. (rC+)
You are immune to negative energy. (rN+++)
You do not regenerate when monsters are visible.
You are immune to unholy pain and torment.
You can survive without breathing.


Message History

The ogre hits you with a giant club!!
Ouch! That really hurt!
* * * LOW HITPOINT WARNING * * *
Casting: Freeze
Confirm with . or Enter, or press ? or * to list all spells.
Aiming: Freeze
Press: ? - help, Shift-Dir - straight line, f/p - ogre
Aim: an ogre, wielding a giant club (heavily wounded)
You freeze the ogre.
The ogre is severely wounded.
The ogre barely misses you.
Casting: Freeze
Confirm with . or Enter, or press ? or * to list all spells.
Aiming: Freeze
Press: ? - help, Shift-Dir - straight line, f/p - ogre
Aim: an ogre, wielding a giant club (severely wounded)
You freeze the ogre.
The ogre is almost dead.
The ogre hits you with a giant club!!
You die...

##### ##############
....#####............#
....#...)............#
....'...#............#
....#...#.......@O...#
....#...#...........$#
....#####............#
..........#####......#
..........# #......#
..........# #.....$#
.......... #......#
......... #......#
.........


You could see an ogre.

Vanquished Creatures
  An ice beast (D:4)
  An ogre (D:4)
  A phantom (D:4)
  A howler monkey (D:4)
  An orc wizard (D:3)
  A centaur skeleton (D:4)
  3 orc priests
  3 worker ants
  7 gnolls
  3 adders
  2 oozes
  A worm (D:3)
  3 dart slugs (D:2)
  4 leopard geckos
  16 orcs
  7 giant cockroaches
  9 goblins
  5 hobgoblins
  3 jackals (D:1)
  6 kobolds
  2 quokkas
  11 bats
  3 frilled lizards
  9 rats
103 creatures vanquished.

Vanquished Creatures (others)
  4 toadstools (D:1)
4 creatures vanquished.

Grand Total: 107 creatures vanquished

Notes
Turn   | Place    | Note
-------+----------+-------------------------------------------
     0 | D:1      | Knicklaso the Ghoul Ice Elementalist began the quest for the Orb.
     0 | D:1      | Reached XP level 1. HP: 14/14 MP: 2/2
   107 | D:1      | Reached skill level 1 in Unarmed Combat
   149 | D:1      | Reached XP level 2. HP: 20/20 MP: 3/3
   151 | D:1      | You fall through a shaft!
   587 | D:1      | Reached XP level 3. HP: 10/26 MP: 0/4
   838 | D:2      | Found a shimmering altar of Xom.
  1326 | D:2      | Reached XP level 4. HP: 33/33 MP: 5/5
  1333 | D:2      | Found an iron altar of Okawaru.
  1371 | D:2      | Found a basalt altar of Yredelemnul.
  1474 | D:2      | Found a white marble altar of Elyvilon.
  1877 | D:3      | Reached XP level 5. HP: 13/38 MP: 0/6
  2212 | D:3      | Found a hide-covered altar of Uskayaw.
  2428 | D:3      | Reached skill level 5 in Unarmed Combat
  2428 | D:3      | Reached XP level 6. HP: 42/44 MP: 7/7
  2625 | D:3      | Found a sacrificial altar of Ru.
  2761 | D:4      | Learned a level 3 spell: Ozocubu's Armour
  2766 | D:4      | Learned a level 4 spell: Summon Ice Beast
  2785 | D:4      | Noticed an ice beast
  2798 | D:4      | Reached skill level 5 in Ice Magic
  2818 | D:4      | Found a staircase to the Ecumenical Temple.
  2848 | Temple   | Entered the Ecumenical Temple
  3162 | D:4      | Reached XP level 7. HP: 46/51 MP: 9/9
  3393 | D:4      | Reached skill level 1 in Summonings
  3419 | D:4      | Got a warped scale mail
  3488 | D:4      | Reached skill level 1 in Fighting
  3560 | D:4      | Reached skill level 1 in Charms
  3744 | D:4      | Found an opulent altar of Gozag.
  3745 | D:4      | Found a glowing silver altar of Zin.
  4031 | D:5      | Entered Level 5 of the Dungeon
  4103 | D:5      | HP: 1/53 [ogre/giant club (33)]
  4105 | D:5      | Demolished by an ogre

Skill      XL: |  1  2  3  4  5  6  7 |
---------------+----------------------+-----
Unarmed Combat | 1 2 3 4 5 |  5.9
Ice Magic      | 4 5 |  5.8
Spellcasting   | 2 |  2.3
Dodging        | 2 |  2.4
Summonings     | 1 |  1.4
Fighting       | 1 |  1.8
Charms         | 1 |  1.1
Stealth        | |  2.1
Conjurations   | |  0.7

Action                   |  1- 3 |  4- 6 |  7- 9 || total
-------------------------+-------+-------+-------++-------
Melee: Unarmed           |   102 |    94 |    63 ||   259
       Punch             |       |     2 |       ||     2
 Cast: Freeze            |    15 |    81 |    32 ||   128
       Ozocubu's Armour  |       |       |     3 ||     3
Evoke: Wand              |       |    10 |     6 ||    16
  Use: Potion            |       |     1 |     1 ||     2
 Stab: Sleeping          |     3 |       |       ||     3
       Confused          |       |       |     3 ||     3
  Eat: Chunk             |    22 |    32 |    20 ||    74
Armor: Robe              |    15 |    26 |    11 ||    52
Dodge: Dodged            |    67 |   134 |    43 ||   244
Block: Other             |       |     5 |     5 ||    10
